 Dungeon Crawl Stone Soup version 0.30.0-10-gfe55d96785 (webtiles) character file.

Game seed: 15225456290504588080

263 dolemite99 the Magician (level 6, 0/40 HPs)
             Began as a Djinni Conjurer on May 16, 2023.
             Slain by a black bear (2 damage)
             ... on level 4 of the Dungeon.
             The game lasted 00:05:59 (4415 turns).

dolemite99 the Magician (Djinni Conjurer)           Turns: 4415, Time: 00:05:59

Health: 0/40       AC:  3    Str:  6    XL:     6   Next: 42%
Gold:   129        EV: 12    Int: 22    God:
                   SH:  0    Dex: 11

rFire   + + +        l - +0 hand axe (heavy)
rCold   . . .        (no shield)
rNeg    . . .        a - +0 robe
rPois   ∞            (no helmet)
rElec   .            m - scarf {rC+ rF+}
rCorr   .            p - +0 pair of gloves
SInv    .            (boots unavailable)
Will    .....        n - amulet of regeneration
Stlth   ++           (no ring)
HPRegen 1.06/turn    (no ring)
MPRegen 0.00/turn

%: infuse magic (-1 HP)
@: flying, very slightly contaminated
A: sickness immunity, fire resistance 2, cold vulnerability 1, float, innate
caster, HP casting, extra vitality 1
a: no special abilities


You were on level 4 of the Dungeon.
You visited 1 branch of the dungeon, and saw 4 of its levels.

You collected 174 gold pieces.
You spent 45 gold pieces at shops.

Inventory:

Hand Weapons
 b - a +0 dagger
 c - a +0 dagger
 g - a +0 sling
 l - a +0 heavy hand axe (weapon)
Armour
 a - a +0 robe (worn)
 m - a scarf of resistance (worn)
 p - a +0 pair of gloves (worn)
Jewellery
 d - a +6 ring of strength
 e - an amulet of the acrobat
 i - an amulet of faith
 n - an amulet of regeneration (around neck)
Scrolls
 k - 3 scrolls of poison
 o - a scroll of fog {unknown}
Potions
 f - a potion of ambrosia
 h - a potion of magic
 j - a potion of curing
 q - a potion of might {unknown}


   Skills:
 - Level 2.1 Dodging
 - Level 1.5 Stealth
 + Level 5.7 Spellcasting


You knew the following spells:

 Your Spells              Type           Power      Damage    Failure   Level
a - Magic Dart            Conj           100%       1d8       1%          1
b - Searing Ray           Conj           62%        2d6       1%          2
c - Dazzling Flash        Conj/Hex       62%        N/A       2%          3
d - Momentum Strike       Conj/Tloc      62%        3d9       1%          2
e - Iskenderun's Mystic   Conj/Tloc      31%        2d8       9%          4
f - Kiss of Death         Conj/Necr      100%       2d13      1%          1
g - Fulminant Prism       Conj/Hex       15%        3d10      9%          4
Your spell library was empty.

Dungeon Overview and Level Annotations

Branches:
Dungeon (4/15)
 Temple: D:4-7

Altars:
Uskayaw

Shops:
D:3 [


Innate Abilities, Weirdness & Mutations

You are immune to sickness and miasma.
You are immune to poison.
Your flesh is very heat resistant. (rF++)
You are vulnerable to cold. (rC-)
You float through the air rather than walking.
You learn spells naturally, not from books.
Your magical power is your life essence.
You have superior vitality. (+4 MHP)


Message History

Aiming: Magic Dart (safe; 1% risk of failure)
Press: ? - help, Shift-Dir - straight line, f - black bear
Aim: a black bear (wandering, hasn't noticed you, 100% to hit)
The magic dart hits the black bear.
The black bear is lightly wounded.
The black bear growls angrily.
There is a stone staircase leading up here.
Casting: Magic Dart (safe; 1% risk of failure)
Confirm with . or Enter, or press ? or * to list all spells.
Aiming: Searing Ray (safe; 1% risk of failure)
Press: ? - help, Shift-Dir - straight line, f/p - black bear
Aim: a black bear (lightly wounded, 85% to hit)
The searing ray hits the black bear.
The black bear is moderately wounded. (Press . to maintain the ray.)
The searing ray hits the black bear.
The black bear is heavily wounded.
The searing ray misses the black bear.
The searing ray hits the black bear!
The black bear is almost dead.
You finish channelling your searing ray.
The black bear bites you. The black bear barely misses you.
The black bear claws you.
The black bear goes berserk!
Casting: Searing Ray (safe; 1% risk of failure)
Confirm with . or Enter, or press ? or * to list all spells.
The spell is quite dangerous to miscast (9% risk of failure)!
Continue anyway?
You miscast Iskenderun's Mystic Blast.
You are very lightly contaminated with residual magic.
You are blasted with magical energy!
The black bear bites you. The black bear claws you.
The black bear completely misses you. The black bear bites you!
* * * LOW HITPOINT WARNING * * *
The black bear misses you. The black bear claws you.
* * * LOW HITPOINT WARNING * * *
You feel better. The black bear completely misses you.
The black bear claws you.
* * * LOW HITPOINT WARNING * * *
The black bear claws you.
You die...

### ## .... #. #
.....#. #..
.....#. ##...#
.......###.... .
......).#..#....
........@h.....$
>...
................
...
.....###........
.. ....
#$....... . ...
#........ . .#
.....#..# ...##
######... ......
.. #. ##


You could see a black bear (berserk).

Vanquished Creatures
  A hound (D:3)
  Jessica (D:2)
  11 adders
  3 worms
  2 dart slugs
  11 orcs
  7 bats
  4 endoplasms
  3 giant cockroaches
  7 goblins
  5 hobgoblins (D:3)
  6 jackals (D:1)
  5 kobolds
  4 quokkas
  6 ball pythons
  4 frilled lizards
  2 rats
82 creatures vanquished.

Notes
Turn   | Place    | Note
-------+----------+-------------------------------------------
     0 | D:1      | dolemite99 the Djinni Conjurer began the quest for the Orb.
     0 | D:1      | dolemite99 set off with the following spells memorised:
                  | Magic Dart, Searing Ray, Dazzling Flash, Fulminant Prism,
                  | Iskenderun's Mystic Blast.
     0 | D:1      | Reached XP level 1. HP: 15/15 MP: 0/0
     0 | D:1      | Noticed a tentacled monstrosity
     1 | D:1      | Noticed a tentacled monstrosity
     2 | D:1      | Noticed a large abomination
     4 | D:1      | Noticed a golden dragon
     6 | D:1      | Noticed an orb of fire
     7 | D:1      | Noticed an iron dragon
     8 | D:1      | Noticed a tentacled monstrosity
    11 | D:1      | Noticed an ice dragon
    11 | D:1      | Noticed a shadow dragon
    13 | D:1      | Noticed an orb of fire
    13 | D:1      | Noticed an iron dragon
    15 | D:1      | Noticed a large abomination
    15 | D:1      | Noticed an iron dragon
    17 | D:1      | Noticed a tentacled monstrosity
    17 | D:1      | Noticed an ice dragon
    17 | D:1      | Noticed a shadow dragon
    19 | D:1      | Noticed an orb of fire
    19 | D:1      | Noticed a tentacled monstrosity
    21 | D:1      | Noticed an ice dragon
   575 | D:1      | Reached XP level 2. HP: 18/21 MP: 0/0
  1134 | D:1      | Reached XP level 3. HP: 20/25 MP: 0/0
  1134 | D:1      | Learned a level 1 spell: Kiss of Death
  1272 | D:1      | Reached skill level 4 in Spellcasting
  2070 | D:2      | Reached XP level 4. HP: 24/31 MP: 0/0
  2224 | D:2      | Noticed Jessica
  2230 | D:2      | Killed Jessica
  2606 | D:3      | Reached XP level 5. HP: 28/35 MP: 0/0
  2606 | D:3      | Learned a level 2 spell: Momentum Strike
  2667 | D:3      | Found a faded altar of an unknown god.
  2833 | D:3      | You are sucked into a shaft and drop 1 floor!
  2834 | D:4      | Noticed a black bear
  2885 | D:3      | Identified the +2 ring mail of Puckish Knowledge {-Tele
                  | Dex+4}
  3075 | D:3      | Reached skill level 5 in Spellcasting
  3091 | D:3      | Found a hide-covered altar of Uskayaw.
  3352 | D:3      | Found Xequm's Armour Shop.
  3380 | D:3      | Bought a +0 pair of gloves for 45 gold pieces
  3719 | D:3      | Reached XP level 6. HP: 28/40 MP: 0/0
  4414 | D:4      | HP: 1/40 [black bear (4)]
  4415 | D:4      | Slain by a black bear

Illustrated notes

Levels and vault maps discovered:
D:1:      shiori_arrival_whats_in_store_for_you, layout_rooms
D:2:      layout_loops_corners, st_stairs_6, uniq_jessica
D:3:      minmay_chambers_of_threes, layout_loops_ring, general_overflow_altar,
          chequers_ecumenical_altar_simple, serial_shops, shop
D:4:      layout_rooms, nicolae_overflow_hidden_temple,
          minmay_shop_enchanted_jewellery, serial_park_tiny_2, grunt_tough_drop

Skill      XL: |  1  2  3  4  5 |
---------------+----------------+-----
Spellcasting   | 4 5 |  5.7
Dodging        | |  2.1
Stealth        | |  1.5

Action                     |  1- 3 |  4- 6 || total
---------------------------+-------+-------++-------
  Melee: Hand axe          |       |    21 ||    21
   Cast: Magic Dart        |    72 |   111 ||   183
         Searing Ray       |       |     1 ||     1
    Use: Scroll            |       |     6 ||     6
         Potion            |       |     1 ||     1
 Armour: Robe              |     7 |    10 ||    17
  Dodge: Dodged            |    25 |    55 ||    80
